[Event "Team 45 45 League T28"]
[Site "Free Internet Chess Server"]
[Date "2005.09.18"]
[Round "1"]
[White "mrmahoon"]
[Black "NovoLook"]
[Result "0-1"]
[WhiteElo "1547"]
[BlackElo "1448"]
[TimeControl "2700+45"]

1. e4 c5 2. Nf3 d6 3. d4 cxd4 4. Nxd4 Nf6 5. Bd3 a6 6. O-O Nc6 7. Nf3 b5 8. Nc3 e6 9. Re1 Be7 10. a3 Ng4 11. h3 Nge5 12. Nxe5 Nxe5 13. Bf1 O-O 14. Bf4 Ng6 15. Bg3 Qb6 16. Qd2 Bb7 17. Rad1 Rad8 18. Qd3 Ne5 19. Qd4 Qc7 20. Bxe5 dxe5 21. Qe3 Bc5 22. Qg3 Bd4 23. Kh1 Qb6 24. f3 Bf2 25. Qxe5 Bxe1 26. Rxe1 Qf2 27. Rc1 Rd2 28. Qc7 Bc8 29. Na2 f6 30. Nb4 e5 31. Nd3 Qg3 32. Qd6 Bxh3 33. Qc5   {White resigns} 0-1

[Event "Team 45 45 League T28"]
[Site "Free Internet Chess Server"]
[Date "2005.09.17"]
[Round "1"]
[White "EyeAm"]
[Black "byrdman"]
[Result "1/2-1/2"]
[WhiteElo "1309"]
[BlackElo "1511"]
[TimeControl "2700+45"]

1. e4 g6 2. d4 Bg7 3. c4 d6 4. Nc3 e5 5. d5 Ne7 6. Nf3 O-O 7. Bd3 f5 8. Bg5 f4 9. O-O h6 10. Bxe7 Qxe7 11. b4 b6 12. b5 Bg4 13. a4 Nd7 14. a5 g5 15. axb6 axb6 16. Be2 Nf6 17. h3 Bxf3 18. Bxf3 Rxa1 19. Qxa1 h5 20. Qd1 Qf7 21. Be2 Qg6 22. f3 g4 23. fxg4 hxg4 24. Bxg4 Nxe4 25. Nxe4 Qxe4 26. Be6+ Kh7 27. Qh5+ Bh6 28. g4 Qe3+ 29. Rf2 Qe1+   {Game drawn by mutual agreement} 1/2-1/2

[Event "Team 45 45 League T28"]
[Site "Free Internet Chess Server"]
[Date "2005.09.18"]
[Round "1"]
[White "coderbird"]
[Black "leonardobobadilla"]
[Result "0-1"]
[WhiteElo "1475"]
[BlackElo "1412"]
[TimeControl "2700+45"]

1. e4 c5 2. Nf3 Nc6 3. Bb5 Nf6 4. Nc3 g6 5. Bxc6 bxc6 6. h3 d6 7. O-O Bg7 8. Re1 e5 9. d3 h6 10. b3 O-O 11. Bb2 Be6 12. Nh2 Qd7 13. Re3 Nh5 14. g4 Nf6 15. a4 d5 16. exd5 Nxd5 17. Nxd5 Qxd5 18. c4 Qd6 19. Rb1 Rfd8 20. Nf3 f6 21. Nd2 f5 22. f3 e4 23. Bxg7 Kxg7 24. fxe4 Qd4 25. Qe2 f4 26. Nf3 Qxe3+ 27. Qxe3 fxe3 28. Re1 Rxd3 29. Ne5 Rxb3 30. Nxc6 Rc3 31. Ne5 Kf6 32. Nf3 Bxc4 33. Nd2 exd2 34. Rd1 Rc1 35. Rxc1 dxc1=Q+ 36. Kf2 Qc3 37. Kg2 Rb8 38. g5+ hxg5 39. e5+ Kxe5 40. h4 Rb2+ 41. Kg1 Qc1#   {White checkmated} 0-1

[Event "Team 45 45 League T28"]
[Site "Free Internet Chess Server"]
[Date "2005.09.17"]
[Round "1"]
[White "rgadoury"]
[Black "JamieCaroline"]
[Result "1-0"]
[WhiteElo "1379"]
[BlackElo "1411"]
[TimeControl "2700+45"]

1. d4 d5 2. g3 Nc6 3. e3 Nf6 4. Nc3 Bf5 5. Bg2 Nb4 6. e4 dxe4 7. Be3 Ng4 8. Bxe4 Nxe3 9. fxe3 Qd7 10. a3 Nc6 11. Nge2 Qe6 12. Nf4 Qd7 13. h3 O-O-O 14. g4 Bxe4 15. Nxe4 e6 16. Qd3 e5 17. dxe5 Nxe5 18. Qxd7+ Rxd7 19. Ke2 g6 20. Rad1 Bg7 21. Rxd7 Nxd7 22. c3 Ne5 23. b3 Rd8 24. c4 Re8 25. Nd3 Nxc4 26. bxc4 Rxe4 27. Rf1 Bh6 28. Rf3 f5 29. gxf5 gxf5 30. Kf2 Rxc4 31. Rxf5 Rc3 32. Rh5 Rxd3 33. Rxh6 Rxa3 34. Rxh7 Ra2+ 35. Kf3 Ra3 36. Kf4 c5 37. e4 c4 38. Rg7 c3 39. Rg2 b5 40. h4 b4 41. h5 b3 42. h6 b2 43. h7 b1=Q 44. h8=Q+ Kb7 45. Qg7+ Ka6 46. Rg6+ Ka5 47. Qxa7+ Kb4 48. Qb7+ Kc4 49. Qxb1 Rb3 50. Rc6+ Kb4 51. Rb6+ Kc4 52. Qf1+ Kd4 53. Rxb3 c2 54. Qd3+ Kc5 55. Qxc2+ Kd6 56. Rb6+ Ke7 57. Qc7+ Kf8 58. Rb8#   {Black checkmated} 1-0

[Event "Team 45 45 League T28"]
[Site "Free Internet Chess Server"]
[Date "2005.09.18"]
[Round "1"]
[White "wekabird"]
[Black "dianabutterfly"]
[Result "1-0"]
[WhiteElo "1480"]
[BlackElo "1315"]
[TimeControl "2700+45"]

1. d4 d5 2. h3 Nf6 3. Nf3 Bf5 4. e3 e6 5. Bd3 Bd6 6. Bxf5 exf5 7. O-O O-O 8. Nbd2 Nc6 9. a3 Ne7 10. c4 c6 11. Qc2 Bc7 12. cxd5 Qxd5 13. b4 b5 14. Bb2 a5 15. Rfe1 Ne4 16. Nxe4 fxe4 17. Nd2 Qd6 18. g3 f5 19. Qc5 Qf6 20. Rab1 Nd5 21. Rec1 Ra6 22. Nb3 Bd6 23. Qc2 axb4 24. axb4 Ra2 25. Qd2 Bxb4 26. Qe2 Nc3 27. Qc2 Rc8 28. Ra1 Rca8 29. Rxa2 Rxa2 30. Ra1 Rxa1+ 31. Bxa1 Nd5 32. Nc5 Qh6 33. Kh2 Be1 34. Nd7 Nf6 35. Ne5 Ng4+ 36. Nxg4 fxg4 37. h4 Qf6 38. Kg1 Kf8 39. Qe2 Bb4 40. Qxg4 Qg6 41. Qc8+ Qe8 42. Qf5+ Kg8 43. d5 g6 44. Qf6 Bf8 45. Qh8+ Kf7 46. Qxh7+ Bg7 47. Qxg7#   {Black checkmated} 1-0

[Event "Team 45 45 League T28"]
[Site "Free Internet Chess Server"]
[Date "2005.09.21"]
[Round "1"]
[White "blkmagic"]
[Black "DavidPayne"]
[Result "1/2-1/2"]
[WhiteElo "1079"]
[BlackElo "1351"]
[TimeControl "2700+45"]

1. e4 e5 2. Nf3 Nc6 3. Bc4 Bc5 4. O-O h6 5. Nc3 Nf6 6. d3 O-O 7. Be3 Bb4 8. Nd5 Nxd5 9. Bxd5 d6 10. c3 Ba5 11. Bxc6 bxc6 12. d4 Ba6 13. Re1 Re8 14. Qa4 Bxc3 15. bxc3 Bb5 16. Qb3 Rb8 17. c4 Ba6 18. Qc3 exd4 19. Nxd4 Rxe4 20. Nxc6 Rxc4 21. Nxd8 Rxc3 22. Rac1 Rxc1 23. Rxc1 Rxd8 24. Rxc7 Rb8 25. h3 Bd3 26. Bxa7 Re8 27. Be3 d5 28. a4 Ra8 29. Rd7 Bc4 30. Bd4 Rxa4 31. Rd8+ Kh7 32. Rf8 Kg6 33. f4 Bd3 34. Be3 d4 35. Bd2 Bc2 36. Kf2 d3 37. Ke3 f6 38. g4 Ra3 39. f5+ Kg5 40. Kf3+ Kh4 41. Kg2 Ba4 42. Be1+ Kg5 43. Bd2+ Kh4 44. Be1+ Kg5 45. Bd2+ Kh4 46. Be1+ Kg5 47. Bd2+ Kh4 48. Be1+ Kg5 49. Bd2+ Kh4 50. Be1+   {Game drawn by repetition} 1/2-1/2

[Event "Team 45 45 League T28"]
[Site "Free Internet Chess Server"]
[Date "2005.09.18"]
[Round "1"]
[White "alfreale"]
[Black "hotjazz"]
[Result "1-0"]
[WhiteElo "1436"]
[BlackElo "1408"]
[TimeControl "2700+45"]

1. e4 e6 2. d4 d5 3. e5 Nc6 4. Nc3 Bb4 5. Bb5 Bd7 6. Nf3 a6 7. Ba4 Nge7 8. Bg5 b5 9. Bb3 Bxc3+ 10. bxc3 h6 11. Bd2 Na5 12. O-O Nf5 13. a4 Nxb3 14. cxb3 Qb8 15. a5 O-O 16. b4 Qb7 17. g4 Ne7 18. Ne1 Ng6 19. Nd3 Qc6 20. Nc5 Be8 21. Qf3 f6 22. exf6 Rxf6 23. Qh3 Qd6 24. g5 Nf4 25. Bxf4 Rxf4 26. Qxe6+ Qxe6 27. Nxe6 Rg4+ 28. Kh1 Ra7 29. gxh6 Bg6 30. f3 Rh4 31. Rg1 Rxh6 32. Nf4 Bf5 33. Rg5 Bc2 34. Rag1 g6 35. Nxg6 Kf7 36. Nf4 Kf6 37. Nxd5+ Ke6 38. Re5+ Kd6 39. f4 c6 40. Ne3 Bb3 41. Nf5+ Kd7 42. Nxh6 Kd8 43. f5 Rh7 44. Rg8+ Bxg8 45. Nxg8 Rh3 46. f6 Rxc3 47. f7 Rc1+ 48. Kg2 Rc2+ 49. Kf3 Rc3+ 50. Re3 Rc4 51. f8=Q+ Kd7 52. Qe7+ Kc8 53. Qe8+ Kc7 54. Re7+ Kd6 55. Qd8#   {Black checkmated} 1-0

[Event "Team 45 45 League T28"]
[Site "Free Internet Chess Server"]
[Date "2005.09.17"]
[Round "1"]
[White "Dreadtower"]
[Black "KlassAct"]
[Result "0-1"]
[WhiteElo "1376"]
[BlackElo "1404"]
[TimeControl "2700+45"]

1. e4 e5 2. Nf3 Nc6 3. Bb5 Bc5 4. c3 Nf6 5. d4 exd4 6. cxd4 Bb4+ 7. Nc3 Nxe4 8. O-O Bxc3 9. Re1 Bxe1 10. Qxe1 O-O 11. Qxe4 d5 12. Qc2 Bd7 13. Qc5 a6 14. Ba4 Bg4 15. Ne5 Nxe5 16. dxe5 c6 17. b4 f6 18. Qd4 Be6 19. Bb2 Qe8 20. Re1 Qg6 21. Bc2 Qxc2 22. exf6 Rxf6 23. Rxe6 Qb1+   {White resigns} 0-1

[Event "Team 45 45 League T28"]
[Site "Free Internet Chess Server"]
[Date "2005.09.16"]
[Round "1"]
[White "zandree"]
[Black "EyeAm"]
[Result "1-0"]
[WhiteElo "1313"]
[BlackElo "1343"]
[TimeControl "2700+45"]

1. c4 f5 2. Nc3 Nf6 3. d4 e6 4. Be3 b6 5. Nf3 Bb7 6. d5 exd5 7. Qb3 dxc4 8. Qxc4 d5 9. Qb3 Be7 10. O-O-O O-O 11. h3 a5 12. Bf4 c6 13. e3 Nbd7 14. g4 Ne4 15. Nxe4 fxe4 16. Ne5 Nxe5 17. Bxe5 Bf6 18. f4 Bxe5 19. fxe5 Qc7 20. Qc3 Rae8 21. g5 Rxe5 22. h4 g6 23. Bh3 b5 24. Rhf1 b4 25. Qc5 Qe7 26. Qb6 a4 27. Rd4 Rb8 28. Rxb4 Qd6 29. Rf6 Qd8 30. Qa7 Re7 31. Rxa4 Ra8 32. Qd4 Rxa4 33. Qxa4 Rf7 34. Be6 Bc8 35. Bxf7+ Kg7 36. Qa8 Qd7 37. Qxc6 Qxc6+ 38. Rxc6 Bf5 39. Bxd5 h6 40. Rc7+   {Black resigns} 1-0

[Event "Team 45 45 League T28"]
[Site "Free Internet Chess Server"]
[Date "2005.09.15"]
[Round "1"]
[White "Nemisis"]
[Black "bahus"]
[Result "0-1"]
[WhiteElo "1912"]
[BlackElo "1855"]
[TimeControl "2700+45"]

1. e4 e5 2. Nf3 Nf6 3. Nc3 Nc6 4. Bb5 Nd4 5. d3 Bb4 6. Bc4 d6 7. a3 Ba5 8. b4 Bb6 9. h3 O-O 10. Bg5 Ne6 11. Bxe6 Bxe6 12. Nd5 Bxd5 13. exd5 Re8 14. O-O h6 15. Bxf6 Qxf6 16. Qd2 c6 17. dxc6 bxc6 18. c3 a5 19. Rfe1 d5 20. Qc2 Qf4 21. Re2 axb4 22. cxb4 Re6 23. Rae1 Bc7 24. b5 Rxa3 25. bxc6 e4 26. Qc1 Qxc1 27. Rxc1 exf3 28. Rd2 Rxc6 29. Re1 fxg2 30. Kxg2 Rcc3 31. Re7 Bf4 32. Rb2 Rxd3 33. Rbb7 Rxh3 34. Rxf7 Be5 35. f4 Bd4 36. Rfd7 Rag3+ 37. Kf1 Rh2   {White resigns} 0-1

[Event "Team 45 45 League T28"]
[Site "Free Internet Chess Server"]
[Date "2005.09.16"]
[Round "1"]
[White "javamanissa"]
[Black "MStav"]
[Result "1/2-1/2"]
[WhiteElo "1794"]
[BlackElo "1710"]
[TimeControl "2700+45"]

1. e4 c5 2. Nf3 e6 3. d4 cxd4 4. Nxd4 a6 5. Nc3 Qc7 6. g3 b6 7. Bg2 Bb7 8. O-O d6 9. Be3 Nf6 10. Qe2 Be7 11. Rad1 Nbd7 12. Rd2 O-O 13. Rfd1 Rfe8 14. Nb3 Rac8 15. Bf4 Ne5 16. Bxe5 dxe5 17. h3 Rcd8 18. Qe3 Rxd2 19. Rxd2 Rd8 20. Rxd8+ Qxd8 21. Qd2 h6 22. Qxd8+ Bxd8 23. f3 Kf8 24. Nd2 b5 25. a4 Bb6+ 26. Kh2 Ba5 27. axb5 Bxc3 28. bxc3 axb5 29. Bf1 Bc6 30. Nb1 Ne8 31. Nd2 Nd6 32. Nb3 Nc4 33. Bxc4 bxc4 34. Nd2 Bb5 35. Kg2 Ke7 36. Kf2 f5 37. Nf1 g5 38. Ne3 f4 39. Nf1   {Game drawn by mutual agreement} 1/2-1/2

[Event "Team 45 45 League T28"]
[Site "Free Internet Chess Server"]
[Date "2005.09.14"]
[Round "1"]
[White "generalkaia"]
[Black "twinders"]
[Result "1/2-1/2"]
[WhiteElo "1674"]
[BlackElo "1637"]
[TimeControl "2700+45"]

1. e4 c5 2. Nf3 d6 3. d4 cxd4 4. Nxd4 Nf6 5. Nc3 Nc6 6. Be3 Bd7 7. Bb5 Qa5 8. O-O Nxd4 9. Bxd7+ Nxd7 10. Bxd4 Nf6 11. Bxf6 gxf6 12. Qf3 Qe5 13. Rad1 Bh6 14. Rd5 Qf4 15. Qxf4 Bxf4 16. Nb5 Kd7 17. g3 Bh6 18. f4 Rhc8 19. c3 Rc4 20. Rh5 Rc5 21. Rxc5 dxc5 22. Rd1+ Kc6 23. c4 Bg7 24. a3 a6 25. Nc3 e6 26. Kf2 b5 27. b3 Bf8 28. cxb5+ axb5 29. a4 bxa4 30. Nxa4 Rb8 31. Rd3 Be7 32. Ke2 Rb4   {Game drawn by mutual agreement} 1/2-1/2

[Event "Team 45 45 League T28"]
[Site "Free Internet Chess Server"]
[Date "2005.09.18"]
[Round "1"]
[White "Pawns"]
[Black "threeNT"]
[Result "1/2-1/2"]
[WhiteElo "1800"]
[BlackElo "1720"]
[TimeControl "2700+45"]

1. e4 e5 2. Nf3 Nc6 3. Bb5 a6 4. Bxc6 dxc6 5. O-O Bg4 6. h3 h5 7. d3 Qf6 8. Nbd2 Ne7 9. Re1 Ng6 10. d4 Bd6 11. hxg4 hxg4 12. Nh2 Rxh2 13. Qxg4 Qh4 14. Qxh4 Rxh4 15. Nf3 Rh5 16. dxe5 Nxe5 17. Nxe5 Bxe5 18. g3 O-O-O 19. f4 Bd4+ 20. Kg2 Rdh8 21. Kf3 Rh1 22. Rxh1 Rxh1 23. c3 Ba7 24. b4 Kd7 25. Bb2 Rxa1 26. Bxa1 c5 27. a4 f6 28. b5 axb5 29. axb5 c4 30. e5 c6 31. bxc6+ Kxc6 32. exf6 gxf6 33. Ke4 Bc5 34. Bb2 Kd6 35. Kf5 Ke7 36. g4 b5 37. Ke4 Kd6 38. g5 fxg5 39. fxg5 Ke6 40. Bc1 b4 41. cxb4 Bxb4 42. Kd4   {Game drawn by mutual agreement} 1/2-1/2

[Event "Team 45 45 League T28"]
[Site "Free Internet Chess Server"]
[Date "2005.09.15"]
[Round "1"]
[White "DreadPirateJosh"]
[Black "danijelo"]
[Result "1-0"]
[WhiteElo "1645"]
[BlackElo "1801"]
[TimeControl "2700+45"]

1. e4 e6 2. d4 d5 3. e5 c5 4. Nf3 cxd4 5. Nxd4 a6 6. Bd3 Nc6 7. Nxc6 bxc6 8. O-O c5 9. c4 d4 10. Nd2 Qd7 11. Bc2 Bb7 12. Ne4 O-O-O 13. Bd3 f5 14. Ng3 Qc6 15. f3 h6 16. Bd2 g5 17. Bc2 Ne7 18. Ba5 Ba8 19. Bxd8 Kxd8 20. Qd2 Ng6 21. Nh5 Nxe5 22. Qe2 Ng6 23. Rfe1 Ke7 24. Bxf5   {Black resigns} 1-0

[Event "Team 45 45 League T28"]
[Site "Free Internet Chess Server"]
[Date "2005.09.18"]
[Round "1"]
[White "MGoo"]
[Black "thelovegambit"]
[Result "1-0"]
[WhiteElo "1734"]
[BlackElo "1584"]
[TimeControl "2700+45"]

1. d4 d5 2. c4 c6 3. cxd5 cxd5 4. Nf3 Nf6 5. Nc3 e6 6. Bf4 Nc6 7. e3 Be7 8. Bd3 Nh5 9. Be5 f6 10. Bg3 Nxg3 11. hxg3 g6 12. Bxg6+ Kd7 13. Rxh7 Rxh7 14. Bxh7 f5 15. Ke2 Qh8 16. Qh1 Qg7 17. Qh5 b6 18. Rh1 Ba6+ 19. Kd1 Rh8 20. Nxd5 Rxh7 21. Nxb6+ axb6 22. Qxh7 Qxh7 23. Rxh7 Bf1 24. Nh4 Kd6 25. a3 Bd3 26. Kd2 Be4 27. f3 Bd5 28. Rh6 Bxh4 29. gxh4 Na5 30. Kd3 Bc4+ 31. Kc3 Bf1 32. g4 fxg4 33. fxg4 Nc6 34. Rf6 Ne7 35. Rxf1   {Black resigns} 1-0

[Event "Team 45 45 League T28"]
[Site "Free Internet Chess Server"]
[Date "2005.09.18"]
[Round "1"]
[White "CleverBanana"]
[Black "Galleta"]
[Result "1-0"]
[WhiteElo "1583"]
[BlackElo "1567"]
[TimeControl "2700+45"]

1. d4 d6 2. Nf3 Nf6 3. Bg5 Ne4 4. Bf4 g6 5. e3 Bg7 6. Nbd2 d5 7. c4 c6 8. Nxe4 dxe4 9. Nd2 f5 10. c5 Be6 11. f3 Bd5 12. fxe4 fxe4 13. Qc2 O-O 14. Nxe4 Bxe4 15. Qxe4 Qa5+ 16. Kd1 Qd8 17. Bc4+ Kh8 18. Kc2 Nd7 19. Rhf1 Nf6 20. Qd3 b5 21. Bb3 a5 22. Rf2 Qd7 23. a3 a4 24. Ba2 Nd5 25. Bxd5 Qxd5 26. Raf1 Rad8 27. Bc7 Rxf2+ 28. Rxf2 Rd7 29. Bg3 e5 30. Kc3 Qb3+ 31. Kd2 Qxb2+ 32. Kd1 exd4 33. Rxb2   {Black resigns} 1-0

[Event "Team 45 45 League T28"]
[Site "Free Internet Chess Server"]
[Date "2005.09.19"]
[Round "1"]
[White "Sportsmen"]
[Black "errorfreeerrorlog"]
[Result "1-0"]
[WhiteElo "2228"]
[BlackElo "2024"]
[TimeControl "2700+45"]

1. e4 e5 2. Nf3 Nc6 3. d4 exd4 4. Nxd4 Qf6 5. Be3 Bc5 6. c3 Nge7 7. Bc4 O-O 8. O-O Ne5 9. Be2 d6 10. f4 N5c6 11. Qd2 Be6 12. b4 Bb6 13. a4 Nxd4 14. cxd4 Nc6 15. e5 dxe5 16. dxe5 Qe7 17. Bxb6 axb6 18. b5 Rfd8 19. Qe3 Nd4 20. Bd3 Bf5 21. Bxf5 Nxf5 22. Qc3 Nd4 23. Kh1 Qh4 24. Nd2 Ne2 25. Qe3 Ng3+ 26. Qxg3 Qxg3 27. hxg3 Rxd2 28. Rfc1 Rd7 29. Rc4 Rc8 30. Rac1 Kf8 31. Kg1 h5 32. Kf2 g6 33. R1c3 Ke7 34. Kf3 Ke6 35. g4 hxg4+ 36. Kxg4 Kd5 37. Kg5 c5 38. Rd3+ Kxc4 39. Rxd7 Kb4 40. Rxf7 c4 41. Kxg6 c3 42. Rh7 c2 43. Rh1 Kb3 44. e6   {Black resigns} 1-0

[Event "Team 45 45 League T28"]
[Site "Free Internet Chess Server"]
[Date "2005.09.18"]
[Round "1"]
[White "smallblackcat"]
[Black "RussoTuristo"]
[Result "0-1"]
[WhiteElo "1918"]
[BlackElo "2004"]
[TimeControl "2700+45"]

1. d4 d5 2. c4 e6 3. Nc3 Nf6 4. Bg5 Nbd7 5. Nf3 c6 6. e3 Qa5 7. Nd2 Bb4 8. Qc2 O-O 9. Nb3 Qa4 10. cxd5 cxd5 11. Bd3 b6 12. O-O Bxc3 13. bxc3 Ba6 14. Bxa6 Qxa6 15. Nd2 Rac8 16. Rfc1 Rc6 17. Qd1 Rfc8 18. c4 dxc4 19. e4 c3 20. e5 Nd5 21. Ne4 h6 22. Bh4 c2 23. Qf3 Qa4 24. Nd6 Rxd6 25. exd6 Qxd4 26. Bg3 Qxa1 27. Rxa1 c1=Q+ 28. Qd1 Qxd1+ 29. Rxd1 f6   {White resigns} 0-1

[Event "Team 45 45 League T28"]
[Site "Free Internet Chess Server"]
[Date "2005.09.16"]
[Round "1"]
[White "Nemisis"]
[Black "maeck"]
[Result "0-1"]
[WhiteElo "1903"]
[BlackElo "1874"]
[TimeControl "2700+45"]

1. e4 c5 2. Nf3 e6 3. d4 cxd4 4. Nxd4 Nf6 5. Bd3 Nc6 6. Be3 d5 7. exd5 Nxd5 8. Nxc6 bxc6 9. Bd2 Bd6 10. Qg4 Qf6 11. c3 Rb8 12. b3 e5 13. Qc4 O-O 14. O-O Nf4 15. Bxf4 exf4 16. Nd2 Bc7 17. Ne4 Qh6 18. f3 Bb6+ 19. Nf2 Be6 20. Qe4 Be3 21. Kh1 f5 22. Qa4 Rbd8 23. Bc4 Bd5 24. Rad1 Qf6 25. Bxd5+ Rxd5 26. Qc4 Rd8 27. Nh3 Kh8 28. Rxd5 cxd5 29. Qd3 g5 30. Nf2 h5 31. Nd1 Qe5 32. Re1 Re8 33. g3 h4 34. gxf4 gxf4 35. Qf1 Qf6 36. Qh3 Kg7 37. Qg2+ Kf7 38. Qc2 h3 39. Qd3 d4 40. cxd4 Bxd4 41. Qc4+ Kf8 42. Qb4+ Kf7 43. Rxe8 Kxe8 44. Qb8+ Kd7 45. Qxf4 Ke8 46. Ne3 Bxe3 47. Qxe3+ Kd8 48. Qd3+ Kc7 49. Qd1 f4 50. Qf1 Qf5 51. Qc4+ Kb6 52. Qb4+ Kc7 53. Qe4 Qf6 54. Qh7+ Kb6 55. Qxh3 Qa1+ 56. Kg2 Qxa2+ 57. Kg1 Qb1+ 58. Qf1 Qxb3 59. Qf2+ Kb7 60. Qe2 Qb1+ 61. Kf2 Qb6+ 62. Kf1 Qb1+ 63. Qe1 Qxe1+ 64. Kxe1 Kc6 65. Kd2 Kd5 66. h4 Ke5 67. Kc3 Kf5 68. Kd4 a5   {White resigns} 0-1

[Event "Team 45 45 League T28"]
[Site "Free Internet Chess Server"]
[Date "2005.09.17"]
[Round "1"]
[White "Doubleletter"]
[Black "Pawns"]
[Result "0-1"]
[WhiteElo "1832"]
[BlackElo "1789"]
[TimeControl "2700+45"]

1. e4 e5 2. Nf3 Nc6 3. d4 exd4 4. Nxd4 Nf6 5. Nxc6 bxc6 6. e5 Nd5 7. c4 Nb6 8. Nc3 Bb4 9. Bd2 Qe7 10. Qe2 Ba6 11. b3 O-O 12. a3 Bc5 13. Qe4 d5 14. cxd5 Bxf1 15. Kxf1 cxd5 16. Nxd5 Nxd5 17. Qxd5 Rad8 18. Bg5 Rxd5 19. Bxe7 Bxe7 20. Ke2 Rxe5+ 21. Kf1 Rd8 22. f4 Re4 23. g3 Rd2 24. Re1 Rxe1+ 25. Kxe1 Rb2   {White resigns} 0-1

[Event "Team 45 45 League T28"]
[Site "Free Internet Chess Server"]
[Date "2005.09.16"]
[Round "1"]
[White "ryoshu"]
[Black "Thalagor"]
[Result "1-0"]
[WhiteElo "1906"]
[BlackElo "1907"]
[TimeControl "2700+45"]

1. e4 c5 2. Nc3 Nc6 3. g3 d6 4. Bg2 Nf6 5. d3 g6 6. f4 Bg7 7. Nf3 Bg4 8. h3 Bd7 9. O-O O-O 10. Be3 a6 11. Qd2 b5 12. g4 b4 13. Nd1 Bxg4 14. hxg4 Nxg4 15. e5 Rc8 16. exd6 exd6 17. c3 a5 18. Bf2 Nxf2 19. Nxf2 Ne7 20. Rad1 Rc7 21. d4 Nf5 22. Rfe1 h5 23. Ne4 bxc3 24. bxc3 c4 25. Rb1 Re7 26. Bh3 Nh6 27. Ng3 Rfe8 28. f5 Rxe1+ 29. Rxe1 Rxe1+ 30. Qxe1 h4 31. Ne4 Nxf5 32. Bxf5 gxf5 33. Ned2 d5 34. Qxh4 Qb6 35. Qh5 Qb2 36. Ng5 Qb7 37. Qh7+ Kf8 38. Qxf5 Kg8 39. Ndf3 a4 40. Nh2 a3 41. Ng4 f6 42. Qe6+ Kh8 43. Qe8+   {Black resigns} 1-0

[Event "Team 45 45 League T28"]
[Site "Free Internet Chess Server"]
[Date "2005.09.14"]
[Round "1"]
[White "Motyl"]
[Black "midoekram"]
[Result "1-0"]
[WhiteElo "1911"]
[BlackElo "1886"]
[TimeControl "2700+45"]

1. e4 c5 2. Nf3 Nc6 3. Nc3 e6 4. d4 cxd4 5. Nxd4 Nf6 6. Bc4 Bb4 7. Nxc6 bxc6 8. Bd3 Qa5 9. Bd2 d5 10. Qe2 d4 11. Nb1 Bxd2+ 12. Nxd2 e5 13. O-O O-O 14. Nc4 Qc7 15. Qd2 Be6 16. Qa5 Qxa5 17. Nxa5 c5 18. f3 a6 19. b3 Nd7 20. f4 f5 21. Nc6 fxe4 22. Bxe4 Rae8 23. Nxe5 Nxe5 24. fxe5 Rxf1+ 25. Rxf1 Bf7 26. Bxh7+ Kxh7 27. Rxf7 Rxe5 28. Kf2 Kg6 29. Ra7 Re6 30. Rc7 Rf6+ 31. Kg3 Rf5 32. Rc6+ Rf6 33. Rxf6+ Kxf6 34. Kf4 Ke6 35. Ke4 a5 36. h4 Kd6 37. g4 Ke6 38. a4 Kd6 39. h5 Ke6 40. g5   {Black resigns} 1-0